 Dungeon Crawl Stone Soup version 0.21.1-1-g345015fe64 (webtiles) character file.

107026 PikkenKukken the Fighter (level 15, -19/122 HPs)
             Began as a Demonspawn Fighter on June 25, 2018.
             Was a High Priest of Yredelemnul.
             Killed from afar by a lindwurm (28 damage)
             ... with a blast of flame
             ... on level 4 of the Swamp.
             The game lasted 01:48:04 (29629 turns).

PikkenKukken the Fighter (Demonspawn Fighter)      Turns: 29629, Time: 01:48:05

Health: -19/122    AC: 28    Str: 27    XL:     15   Next: 62%
Magic:  0/21       EV: 11    Int: 11    God:    Yredelemnul [*****.]
Gold:   2163       SH: 18    Dex: 23    Spells: 14/14 levels left

rFire    x . .     SeeInvis .   Z - +8 war axe (vamp)
rCold    . . .     Gourm    .   s - +4 shield {reflect}
rNeg     . . .     Faith    .   V - +3 plate armour "Ype Arui" {Regen+ Stlth+}
rPois    .         Spirit   +   M - +0 helmet
rElec    .         Reflect  +   H - +1 cloak
rCorr    .         Harm     .   P - +1 pair of gloves {Str+3}
MR       +....                  (boots unavailable)
Stlth    ..........             y - amulet of Oklad {Spirit rF- Dex+8 Slay+5}
HPRegen  0.70/turn              N - +4 ring of evasion
MPRegen  0.17/turn              q - +5 ring of strength

@: hasted, very quick
A: hooves 3, iridescent scales 2, spiny 2, rot immunity
}: 1/15 runes: decaying
a: Recall Undead Slaves, Injury Mirror, Animate Dead, Drain Life, Enslave Soul,
Renounce Religion


You were on level 4 of the Swamp.
You worshipped Yredelemnul.
Yredelemnul was extremely pleased with you.
You were not hungry.

You visited 4 branches of the dungeon, and saw 24 of its levels.

You collected 2491 gold pieces.
You spent 328 gold pieces at shops.

Inventory:

Hand Weapons
 Z - a +8 vampiric war axe (weapon)
Missiles
 c - 8 silver tomahawks
 z - 8 tomahawks (quivered)
 D - a javelin
Armour
 r - a +2 plate armour of fire resistance
 s - a +4 shield of reflection (worn)
 C - a +1 plate armour of magic resistance
 H - a +1 cloak (worn)
 K - a +0 pair of gloves of dexterity
 M - a +0 helmet (worn)
 P - a +1 pair of gloves of strength (worn)
 V - the +3 plate armour "Ype Arui" (worn) {Regen+ Stlth+}
   (You found it on level 5 of the Lair of Beasts)

   It increases your rate of regeneration.
   It makes you more stealthy.
Jewellery
 b - an uncursed ring of resist corrosion
 e - a +3 ring of strength
 g - an uncursed ring of protection from cold
 j - an uncursed amulet of faith
 q - a +5 ring of strength (right hand)
 y - the amulet of Oklad (around neck) {Spirit rF- Dex+8 Slay+5}
   (You found it on level 1 of the Swamp)

   [amulet of guardian spirit]

   It causes incoming damage to be split between your health and magic.
   It affects your dexterity (+8).
   It affects your accuracy and damage with ranged weapons and melee attacks
   (+5).
   It makes you vulnerable to fire.
 A - an uncursed amulet of guardian spirit
 B - an uncursed ring of flight
 J - an uncursed ring of see invisible
 N - a +4 ring of evasion (left hand)
Wands
 O - a wand of random effects (38)
 R - a wand of scattershot (4)
 W - a wand of iceblast (8)
Scrolls
 k - 4 scrolls of amnesia
 m - 3 scrolls of magic mapping
 o - 3 scrolls of enchant weapon
 p - 18 scrolls of remove curse
 v - 2 scrolls of fog
 x - 6 scrolls of teleportation
 F - a scroll of brand weapon
 L - 7 scrolls of identify
 T - 2 scrolls of fear
Potions
 d - a potion of might
 i - 4 potions of invisibility
 l - 6 potions of heal wounds
 n - 2 potions of magic
 t - 4 potions of brilliance
 w - 2 potions of agility
 E - 2 potions of cancellation
 I - a potion of flight
 Y - 3 potions of curing
Books
 G - the Collected Works on Supportive Clay
   (You found it on level 2 of the Swamp)

   Spells                             Type                      Level
   a - Sandblast                      Earth                        1
   b - Summon Butterflies             Summoning                    1
   c - Summon Guardian Golem          Hexes/Summoning              3
   d - Leda's Liquefaction            Hexes/Earth                  4
   e - Lee's Rapid Deconstruction     Earth                        5
   f - Shadow Creatures               Summoning                    6
 Q - a book of Unlife

   Spells                             Type                      Level
   a - Recall                         Summoning/Translocation      3
   b - Animate Dead                   Necromancy                   4
   c - Borgnjor's Vile Clutch         Necromancy/Earth             5
   d - Death Channel                  Necromancy                   6
   e - Simulacrum                     Ice/Necromancy               6
 S - a book of Death

   Spells                             Type                      Level
   a - Corpse Rot                     Necromancy                   2
   b - Sublimation of Blood           Necromancy                   2
   c - Agony                          Necromancy                   5
   d - Dispel Undead                  Necromancy                   5
   e - Excruciating Wounds            Charms/Necromancy            5
   f - Bolt of Draining               Conjuration/Necromancy       5
 U - a book of Misfortune

   Spells                             Type                      Level
   a - Confusing Touch                Hexes                        1
   b - Confuse                        Hexes                        3
   c - Gell's Gravitas                Translocation                3
   d - Petrify                        Transmutation/Earth          4
   e - Metabolic Englaciation         Hexes/Ice                    5
   f - Yara's Violent Unravelling     Hexes/Transmutation          5
Miscellaneous
 a - a phial of floods
 h - a phial of floods
Comestibles
 f - 24 rations


   Skills:
 + Level 12.6 Fighting
 + Level 9.8 Axes
 + Level 10.9 Throwing
 + Level 11.8 Armour
 + Level 11.8 Shields
 - Level 7.0 Unarmed Combat
 + Level 9.2 Invocations


You had 14 spell levels left.
You didn't know any spells.

Dungeon Overview and Level Annotations

Branches:
Dungeon (12/15)            Temple (0/1) D:6            Lair (6/6) D:10
  Swamp (4/4) Lair:4       Spider (0/4) Lair:3        Slime (0/5) Lair:5
    Orc (2/2) D:12            Elf (0/3) Orc:2

Altars:
Cheibriados
Dithmenos
Elyvilon
Gozag
Hepliaklqana
Nemelex Xobeh
Okawaru
Ru
Sif Muna
Uskayaw
Xom
Yredelemnul
The Shining One

Shops:
Orc:2 %*%!

Portals:
Trove: D:11 (give 18 scrolls of teleportation)

Annotations:
Lair:5 exclusion: 4 oklob plants
Swamp:1 1 transporter
Swamp:4 Aizul


Innate Abilities, Weirdness & Mutations

You have hooves in place of feet.
You are mostly covered in iridescent scales. (AC +4)
You are mostly covered in sharp spines.
You are immune to rotting.


Message History

You feel yourself speed up.
You feel sick.
You see here a tomahawk.
Aizul closely misses you.
You enter the shallow water.
Moving in this stuff is going to be slow.
You feel sick.
Aizul coils herself and waves her upper body at you.
The poison arrow hits you!
You are more poisoned.
* * * LOW HITPOINT WARNING * * *
A lindwurm comes into view.
* * * LOW HITPOINT WARNING * * *
You feel sick.
* * * LOW HITPOINT WARNING * * *
You feel sick.
You feel better. The lindwurm breathes flames at you.
The blast of flame hits you! The fire burns you terribly!
You die...
Your body rises from the dead as a mindless zombie.

♣♣ ♣≈≈.≈.≈.♣...≈♣♣♣♣♣♣♣ .♣♣♣
...≈.≈≈....♣♣♣ ♣.≈♣ ..≈≈≈♣ ≈.≈♣♣
♣♣.≈≈..≈≈♣♣ ♣..♣♣♣≈.....
≈...♣♣♣♣≈≈≈≈≈k≈≈.♣ ♣≈.♣.≈≈≈≈.≈.
≈≈≈≈.♣♣≈..≈≈≈..≈♣♣♣♣♣♣....≈≈≈≈.≈.
≈≈≈≈.....≈≈≈≈.§≈♣♣≈♣♣.≈≈≈≈≈≈≈≈≈§.
≈≈≈≈≈≈.≈V.≈....§♣♣..≈.≈≈≈≈≈≈≈≈≈≈≈
≈≈≈≈≈.♣♣♣.≈..Sw..§≈....≈≈≈≈≈≈≈≈≈≈
≈≈≈≈≈.♣♣♣..♣≈D≈≈@≈≈≈.♣≈...≈≈≈≈.≈.
≈≈≈≈.V.♣≈§(.≈≈≈≈≈≈≈≈≈♣♣♣♣♣≈≈≈.≈..
≈≈.≈≈≈≈.≈≈≈...≈≈≈≈≈♣♣♣ ♣§..♣♣♣..
≈....≈≈.≈...♣≈§≈≈≈≈♣♣ ♣♣Z.≈♣
(≈.♣♣[≈♣♣♣≈≈≈.≈≈≈≈.≈. ♣♣.≈♣♣ ♣.
♣(..♣≈♣♣ ♣♣♣♣.≈≈.....≈ ♣≈.♣♣♣♣♣.
♣#.≈..≈♣♣ ♣.≈≈.♣♣≈♣♣♣♣♣..♣♣♣≈≈≈
###..≈.≈♣ ≈≈§≈♣♣ ♣♣♣≈..♣♣♣♣.≈≈≈
..♣♣S≈≈♣♣ §..♣♣♣ ♣.≈.♣♣♣♣..≈.


You could see Aizul, a four-headed hydra, a lindwurm and a swamp worm.

Vanquished Creatures
  Nikola (Swamp:2)
  A tentacled monstrosity (Swamp:3)
  Kirke (Lair:5)
  A thorn hunter (Swamp:2)
  4 hydras
  3 two-headed ogres
  6 alligators
  13 death yaks
  2 orc high priests (Orc:2)
  An unseen horror (D:11)
  4 shambling mangroves
  A spriggan druid (Swamp:4)
  3 swamp dragons (Swamp:4)
  The ghost of makkenr95 the Slasher, a novice MiFi (D:6)
  A lindwurm (Swamp:4)
  Pikel (D:5)
  3 orc knights
  3 orc sorcerers (Orc:2)
  4 ugly things (D:11)
  A manticore (D:11)
  15 elephants
  2 black mambas
  A centaur skeleton (D:10)
  12 spiny frogs
  6 komodo dragons
  A yaktaur (D:11)
  A polar bear (Lair:6)
  2 trolls
  10 hornets
  4 bog bodies
  11 slime creatures
  4 hippogriffs
  3 tyrant leeches
  6 blink frogs
  4 dream sheep (Lair:6)
  4 spriggans
  A shadow (Swamp:4)
  2 flying skulls (Lair:2)
  A vampire (D:11)
  2 wyverns
  3 hogs
  33 yaks
  A basilisk (Lair:3)
  10 vampire mosquitoes
  3 hungry ghosts
  3 wargs
  5 insubstantial wisps (Swamp:3)
  10 swamp worms
  Duvessa (D:6)
  5 water moccasins
  An acid dragon (D:10)
  3 porcupines (Lair:3)
  4 sky beasts
  7 swamp drakes
  19 orc warriors
  A slave (D:6)
  3 black bears
  6 ice beasts
  5 phantoms
  A necrophage (D:10)
  21 wolves
  7 ogres
  11 centaurs
  6 crocodiles
  13 bullfrogs
  2 gnoll sergeants (D:8)
  Dowan (D:7)
  4 scorpions
  A water moccasin skeleton (D:6)
  9 wights
  12 killer bees
  2 howler monkeys
  An electric eel (Lair:4)
  2 crimson imps
  A bullfrog zombie (D:6)
  2 centaur zombies
  A quasit (D:10)
  22 orc priests
  2 hounds
  2 bullfrog skeletons
  4 jellies
  19 orc wizards
  4 iguanas
  2 hell rats (Lair:1)
  14 worker ants
  A mummy (D:4)
  16 gnolls
  12 river rats (Lair:1)
  10 adders
  5 shadow imps
  An adder zombie (D:10)
  3 worms
  A dart slug (D:1)
  8 leopard geckos
  47 orcs
  7 giant cockroaches
  8 goblins
  5 hobgoblins
  6 jackals (D:3)
  4 kobolds
  5 quokkas
  2 ball pythons
  5 bats
  5 frilled lizards
  A hobgoblin zombie (D:4)
  A kobold zombie (D:4)
  2 leopard gecko skeletons (D:4)
  2 orc zombies (D:4)
  5 rats
  5 briar patches (Swamp:2)
  4 fungi
  4 plants
611 creatures vanquished.

Vanquished Creatures (collateral kills)
  Donald (Orc:2)
  Nessos (Orc:2)
  A vault guard (D:11)
  3 hydras
  A catoblepas (Lair:6)
  4 death yaks
  A two-headed ogre (Orc:2)
  3 alligators
  A deep troll shaman (Lair:6)
  2 orc high priests
  2 swamp dragons (Swamp:4)
  A lindwurm (Lair:6)
  An ugly thing (D:11)
  2 orc knights (Orc:2)
  An orc sorcerer (Orc:2)
  A centaur zombie (D:11)
  5 elephants
  3 spiny frogs
  A rime drake (Lair:4)
  5 komodo dragons
  A polar bear (Lair:6)
  3 trolls (Orc:2)
  2 tyrant leeches (Swamp:1)
  2 hornets
  A blink frog (Lair:6)
  8 yaks
  4 vampire mosquitoes
  2 wargs (Orc:1)
  3 swamp worms
  An insubstantial wisp (Swamp:3)
  2 water moccasins
  A porcupine (Lair:3)
  8 orc warriors
  2 swamp drakes (Swamp:4)
  2 ogres (Orc:2)
  3 wolves
  5 crocodiles
  A big kobold (D:11)
  2 bullfrogs
  A wyvern zombie (D:11)
  An electric eel (Lair:5)
  2 crimson imps
  7 orc priests
  7 orc wizards
  A worker ant (Lair:3)
  22 orcs
  10 fungi
  8 plants
152 creatures vanquished.

Vanquished Creatures (others)
  A ghoul (Swamp:4)
  A skeletal warrior (Orc:2)
  A flayed ghost (Orc:2)
  A phantasmal warrior (Orc:2)
  2 swamp worm zombies (Lair:4)
  A ghoul skeleton (Swamp:4)
  A hydra zombie (Swamp:4)
  A hornet (Swamp:3)
  12 flying skulls
  A vampire (Orc:2)
  A human (Lair:5)
  A spriggan zombie (Swamp:4)
  3 spiny frog zombies
  3 elephant zombies (Lair:6)
  A slave (D:7)
  A blink frog zombie (Lair:6)
  2 hornet zombies (Swamp:4)
  A sky beast (D:6)
  3 swamp dragon zombies (Swamp:4)
  3 dream sheep zombies (Lair:6)
  A vampire mosquito zombie (Swamp:4)
  A blink frog skeleton (Lair:3)
  An elf skeleton (Lair:6)
  A polar bear zombie (Lair:6)
  A yak zombie (Lair:4)
  A troll zombie (Orc:2)
  4 wights
  3 wolf zombies (Lair:6)
  A jelly (Lair:5)
  A centaur skeleton (D:11)
  A black bear zombie (Lair:6)
  A porcupine zombie (Lair:3)
  A bog body skeleton (Swamp:4)
  A human skeleton (Lair:6)
  An orc wizard (Orc:2)
  An ogre zombie (Orc:2)
  A naga skeleton (Lair:6)
  2 dwarf skeletons (Lair:6)
  A mummy (Lair:4)
  A swamp drake zombie (Swamp:4)
  A giant cockroach zombie (Lair:3)
  2 orc skeletons (Lair:6)
  15 orc zombies (Orc:2)
  4 bushes (Lair:5)
  46 fungi
  25 plants
160 creatures vanquished.

Grand Total: 923 creatures vanquished

Notes
Turn   | Place    | Note
-------+----------+-------------------------------------------
     0 | D:1      | PikkenKukken the Demonspawn Fighter began the quest for the Orb.
     0 | D:1      | Reached XP level 1. HP: 18/18 MP: 1/1
   348 | D:1      | Gained mutation: You are partially covered in sharp spines. [demonic ancestry]
   348 | D:1      | Reached XP level 2. HP: 24/24 MP: 2/2
   631 | D:1      | Reached XP level 3. HP: 22/29 MP: 3/3
   817 | D:2      | Found an iron altar of Okawaru.
  1012 | D:2      | Found an opulent altar of Gozag.
  1678 | D:3      | Found a hide-covered altar of Uskayaw.
  1764 | D:3      | Reached XP level 4. HP: 35/35 MP: 4/4
  2123 | D:4      | Reached skill level 1 in Throwing
  2321 | D:4      | Gained mutation: You are partially covered in iridescent scales. (AC +2) [demonic ancestry]
  2321 | D:4      | Reached XP level 5. HP: 37/42 MP: 5/5
  2483 | D:4      | Found a white marble altar of Elyvilon.
  2489 | D:4      | Found a deep blue altar of Sif Muna.
  2748 | D:4      | Reached skill level 4 in Fighting
  3026 | D:5      | Entered Level 5 of the Dungeon
  3035 | D:5      | Gained mutation: You are mostly covered in iridescent scales. (AC +4) [demonic ancestry]
  3035 | D:5      | Reached XP level 6. HP: 42/48 MP: 6/6
  3413 | D:5      | Noticed an ice beast
  3443 | D:5      | Killed an ice beast
  3475 | D:5      | Found a glowing golden altar of the Shining One.
  3514 | D:5      | Reached XP level 7. HP: 40/55 MP: 7/7
  4264 | D:5      | Reached skill level 5 in Fighting
  4752 | D:5      | Found a shimmering altar of Xom.
  4755 | D:5      | Found a hazy altar of Hepliaklqana.
  4755 | D:5      | Noticed a hell beast
  4756 | D:5      | Noticed a spectral ugly thing
  4756 | D:5      | Noticed a hell beast
  4843 | D:5      | Reached XP level 8. HP: 54/62 MP: 6/8
  4916 | D:6      | Reached skill level 5 in Armour
  4916 | D:6      | Reached skill level 5 in Shields
  5205 | D:5      | Reached skill level 6 in Fighting
  5349 | D:6      | Noticed makkenr95's ghost (novice MiFi)
  5367 | D:6      | Killed makkenr95's ghost
  5367 | D:6      | Reached skill level 5 in Axes
  5367 | D:6      | Reached XP level 9. HP: 65/70 MP: 5/9
  5392 | D:6      | Found a shadowy altar of Dithmenos.
  5529 | D:6      | Found a glowing golden altar of the Shining One.
  5530 | D:6      | Found a basalt altar of Yredelemnul.
  5532 | D:6      | Found a snail-covered altar of Cheibriados.
  5538 | D:6      | Became a worshipper of Yredelemnul the Dark
  5654 | D:6      | Found a staircase to the Ecumenical Temple.
  5720 | D:7      | Noticed Pikel
  5776 | D:5      | Killed Pikel
  5776 | D:5      | Reached skill level 5 in Throwing
  5984 | D:7      | Found a sparkling altar of Nemelex Xobeh.
  5997 | D:7      | Noticed Dowan
  6031 | D:7      | Killed Dowan
  6380 | D:7      | Found a sacrificial altar of Ru.
  6390 | D:7      | Reached skill level 7 in Fighting
  6648 | D:7      | Noticed Duvessa
  6716 | D:6      | Killed Duvessa
  7244 | D:8      | Reached skill level 1 in Invocations
  7244 | D:8      | Gained mutation: You have large cloven feet. [demonic ancestry]
  7244 | D:8      | Reached XP level 10. HP: 68/79 MP: 8/10
  7249 | D:8      | Reached * piety under Yredelemnul
  8773 | D:9      | Reached skill level 8 in Fighting
  9249 | D:9      | Noticed a two-headed ogre
  9265 | D:9      | Killed a two-headed ogre
  9551 | D:10     | Entered Level 10 of the Dungeon
  9631 | D:10     | Reached XP level 11. HP: 74/86 MP: 10/13
  9672 | D:10     | Found a staircase to the Lair.
  9923 | D:10     | Reached ** piety under Yredelemnul
 10302 | D:10     | Noticed a two-headed ogre
 10314 | D:10     | Killed a two-headed ogre
 10877 | D:11     | Noticed a brown ugly thing
 10931 | Lair:1   | Entered Level 1 of the Lair of Beasts
 11575 | Lair:1   | Reached skill level 9 in Fighting
 11656 | Lair:1   | Reached *** piety under Yredelemnul
 12316 | Lair:1   | Identified a scroll of acquirement
 13125 | Lair:2   | Gained mutation: You have hoof-like feet. [demonic ancestry]
 13125 | Lair:2   | Reached XP level 12. HP: 74/96 MP: 8/14
 13582 | Lair:2   | Reached skill level 1 in Unarmed Combat
 13582 | Lair:2   | Received a gift from Yredelemnul (3 flying skulls)
 14514 | Lair:3   | Found a hole to the Spider Nest.
 14645 | Lair:3   | Received a gift from Yredelemnul (a wight)
 14648 | Lair:3   | Reached skill level 10 in Fighting
 14855 | Lair:3   | Reached skill level 5 in Invocations
 15275 | Lair:3   | Received a gift from Yredelemnul (a mummy)
 16347 | Lair:4   | Found a staircase to the Swamp.
 16545 | Lair:4   | Reached **** piety under Yredelemnul
 17341 | Lair:5   | Noticed Kirke
 17353 | Lair:5   | Killed Kirke
 17505 | Lair:5   | Found a staircase to the Slime Pits.
 17543 | Lair:5   | Gained mutation: You are immune to rotting. [demonic ancestry]
 17543 | Lair:5   | Reached XP level 13. HP: 104/104 MP: 15/17
 17583 | Lair:5   | Got a slimy plate armour
 17584 | Lair:5   | Identified the +3 plate armour "Ype Arui" {Regen+ Stlth+} (You found it on level 5 of the Lair of Beasts)
 17932 | Lair:5   | Received a gift from Yredelemnul (4 flying skulls)
 18977 | Lair:6   | Entered Level 6 of the Lair of Beasts
 19381 | Lair:6   | Received a gift from Yredelemnul (a wight)
 19759 | Lair:5   | Reached skill level 10 in Armour
 19759 | Lair:5   | Reached skill level 10 in Shields
 19858 | Lair:5   | Reached skill level 11 in Fighting
 19940 | Lair:6   | Reached skill level 5 in Unarmed Combat
 20335 | Lair:6   | Received a gift from Yredelemnul (a wight)
 20808 | Lair:6   | Gained mutation: You have hooves in place of feet. [demonic ancestry]
 20808 | Lair:6   | Reached XP level 14. HP: 107/113 MP: 16/19
 20808 | Lair:6   | Received a gift from Yredelemnul (3 flying skulls)
 20934 | Lair:6   | Identified Sif Muna's Catalogue of Contamination and Conjuration
 21347 | D:11     | Received a gift from Yredelemnul (a wight)
 21354 | D:11     | Reached ***** piety under Yredelemnul
 21460 | D:11     | Received a gift from Yredelemnul (3 flying skulls)
 21708 | D:11     | Found a portal to a secret trove of treasure.
 21984 | D:11     | Received a gift from Yredelemnul (a phantasmal warrior)
 22182 | D:11     | Got a transparent ring mail
 22193 | D:11     | Identified the +0 ring mail "Odetel" {rCorr Int-4 SInv} (You found it on level 11 of the Dungeon)
 22218 | D:11     | Received a gift from Yredelemnul (2 flying skulls)
 22993 | D:12     | Found a staircase to the Orcish Mines.
 23003 | Orc:1    | Entered Level 1 of the Orcish Mines
 23124 | Orc:1    | Received a gift from Yredelemnul (a flayed ghost)
 23425 | Orc:2    | Entered Level 2 of the Orcish Mines
 23460 | Orc:2    | Found a staircase to the Elven Halls.
 24068 | Orc:1    | Received a gift from Yredelemnul (a skeletal warrior)
 24381 | Orc:2    | Noticed Nessos
 24390 | Orc:2    | Killed Nessos
 24427 | Orc:2    | Received a gift from Yredelemnul (a vampire)
 24514 | Orc:2    | Noticed Donald
 24524 | Orc:2    | Killed Donald
 24524 | Orc:2    | Reached skill level 12 in Fighting
 24841 | Orc:2    | Reached skill level 10 in Throwing
 25144 | Orc:2    | Received a gift from Yredelemnul (a phantasmal warrior)
 25489 | Orc:2    | Found Vetsupn's Distillery.
 25489 | Orc:2    | Found Qelaumat's Food Boutique.
 25491 | Orc:2    | Found Myoth's Food Emporium.
 25491 | Orc:2    | Found Xyafywne's Assorted Antiques.
 25546 | Orc:2    | Bought a potion of might for 40 gold pieces
 25556 | Orc:2    | Bought a scroll of identify for 74 gold pieces
 25556 | Orc:2    | Bought a scroll of identify for 74 gold pieces
 25570 | Orc:2    | Bought a potion of cancellation for 80 gold pieces
 25570 | Orc:2    | Bought 2 potions of curing for 60 gold pieces
 25837 | Swamp:1  | Entered Level 1 of the Swamp
 25858 | Swamp:1  | Got a bound diamond amulet
 25860 | Swamp:1  | Identified the amulet of Oklad {Spirit rF- Dex+8 Slay+5} (You found it on level 1 of the Swamp)
 26095 | Swamp:1  | Found a transporter.
 26195 | Swamp:1  | Reached ****** piety under Yredelemnul
 26716 | Swamp:2  | Noticed Nikola
 26733 | Swamp:2  | Killed Nikola
 26746 | Swamp:2  | Gained mutation: You are mostly covered in sharp spines. [demonic ancestry]
 26746 | Swamp:2  | Reached XP level 15. HP: 120/120 MP: 14/20
 26861 | Swamp:2  | Noticed a thorn hunter
 26870 | Swamp:2  | Killed a thorn hunter
 26953 | Swamp:2  | Identified the Collected Works on Supportive Clay
 28179 | Swamp:3  | Noticed a tentacled monstrosity
 28198 | Swamp:3  | Killed a tentacled monstrosity
 28453 | Swamp:4  | Entered Level 4 of the Swamp
 28471 | Swamp:4  | Received a gift from Yredelemnul (a ghoul)
 29171 | Swamp:4  | Paralysed by a hornet for 2 turns
 29513 | Swamp:4  | Got a decaying rune of Zot
 29556 | Swamp:4  | Received a gift from Yredelemnul (a vampire)
 29606 | Swamp:4  | Noticed Aizul
 29624 | Swamp:4  | HP: 5/122 [Aizul/poison arrow (26)]
 29629 | Swamp:4  | Killed from afar by a lindwurm

Skill      XL: |  1  2  3  4  5  6  7  8  9 10 11 12 13 14 15 |
---------------+----------------------------------------------+-----
Axes           | 2 3 4 5 6 7 8 9 |  9.8
Shields        | 3 4 5 6 7 8 9 10 11 | 11.8
Armour         | 3 4 5 6 7 8 9 10 11 | 11.8
Throwing       | 1 2 3 4 5 6 7 8 9 10 | 10.9
Fighting       | 4 5 6 7 8 9 10 11 12 | 12.6
Invocations    | 1 3 6 7 9 |  9.2
Unarmed Combat | 3 5 7 |  7.0

Action                   |  1- 3 |  4- 6 |  7- 9 | 10-12 | 13-15 || total
-------------------------+-------+-------+-------+-------+-------++-------
Melee: War axe           |    86 |   126 |   116 |       |   277 ||   605
       Hand axe          |       |       |   195 |   812 |   794 ||  1801
       Kick              |       |       |       |   339 |   596 ||   935
Throw: Javelin           |       |       |    21 |    89 |    83 ||   193
       Tomahawk          |       |       |       |     8 |    23 ||    31
Invok: Animate Remains   |       |       |       |     1 |       ||     1
       Animate Dead      |       |       |       |     5 |    29 ||    34
       Injury Mirror     |       |       |       |       |     1 ||     1
  Use: Scroll            |     8 |     3 |     4 |    11 |    19 ||    45
       Potion            |     2 |       |     2 |     4 |    10 ||    18
 Stab: Distracted        |       |       |       |     3 |    13 ||    16
  Eat: Chunk             |     3 |     6 |     6 |    23 |    13 ||    51
       Ration            |       |       |     3 |     4 |    13 ||    20
Armor: Scale mail        |    14 |       |       |       |       ||    14
       Plate armour      |    34 |    73 |   193 |   339 |   502 ||  1141
Dodge: Dodged            |    18 |    16 |    51 |   139 |   256 ||   480
Block: Shield            |    40 |    61 |   181 |   466 |   670 ||  1418
       Reflection        |       |       |       |       |     2 ||     2
